 Dungeon Crawl Stone Soup version 0.31-a0-219-g8d62b2e7bb (webtiles) character file.

Game seed: 14175530306516205765

837 porpoise the Sneak (level 7, 0/49 HPs)
             Began as a Merfolk Enchanter on July 3, 2023.
             Was a Follower of Dithmenos.
             Slain by a killer bee (8 damage)
             ... on level 5 of the Dungeon.
             The game lasted 00:15:45 (4828 turns).

porpoise the Sneak (Merfolk Enchanter)              Turns: 4828, Time: 00:15:46

Health: 0/49       AC:  2    Str:  9    XL:     7   Next: 99%
Magic:  10/11      EV: 12    Int: 22    God:    Dithmenos [*.....]
Gold:   302        SH:  4    Dex: 14    Spells: 4/12 levels left

rFire   . . .        a - +1 dagger (drain)
rCold   . . .        r - +1 buckler
rNeg    . . .        b - +0 robe
rPois   .            (no helmet)
rElec   .            (no cloak)
rCorr   .            (no gloves)
SInv    .            (no boots)
Will    .....        s - amulet of faith
Stlth   ++++         n - +6 ring of intelligence
HPRegen 0.28/turn    (no ring)
MPRegen 0.12/turn

%: faith
@: lethally poisoned (0 -> -4), wreathed by umbra
A: (nimble swimmer 2), mertail
a: Renounce Religion


You were on level 5 of the Dungeon.
You worshipped Dithmenos.
Dithmenos was aware of your devotion.
You visited 1 branch of the dungeon, and saw 5 of its levels.

You collected 302 gold pieces.

Inventory:

Hand Weapons
 a - a +1 dagger of draining (weapon)
 d - a +1 dagger
 o - a +1 short sword of speed
Missiles
 v - 5 poisoned darts
 x - 3 boomerangs
Armour
 b - a +0 robe (worn)
 g - a scarf of shadows
 r - a +1 buckler (worn)
Jewellery
 m - a +6 ring of strength
 n - a +6 ring of intelligence (left hand)
 s - an amulet of faith (around neck)
 u - a ring of ice
Scrolls
 e - a scroll of poison {unknown}
 k - a scroll of noise {unknown}
 l - a scroll of teleportation
 q - a scroll of enchant armour
 t - a scroll of silence {unknown}
Potions
 c - 2 potions of invisibility
 f - 2 potions of haste
 h - a potion of might
 i - a potion of cancellation
 j - a potion of mutation
 p - a potion of heal wounds
 w - a potion of enlightenment {unknown}


   Skills:
 + Level 1.9 Fighting
 - Level 1.2 Short Blades
 - Level 2.6 Dodging
 + Level 6.1 Stealth
 - Level 3.0 Spellcasting
 * Level 5.6 Hexes
 - Level 5.0 Ice Magic


You had 4 spell levels left.
You knew the following spells:

 Your Spells              Type           Power      Damage    Failure   Level
a - Confusing Touch       Hex            28%        N/A       5%          3
e - Ensorcelled Hibernat  Hex/Ice        52%        N/A       3%          2
t - Tukima's Dance        Hex            28%        N/A       5%          3

Your spell library contained the following spells:

 Spells                   Type           Power      Damage    Failure   Level
 Ozocubu's Armour         Ice            25%        N/A       8%          3
 Dazzling Flash           Conj/Hex       30%        N/A       19%         3
 Petrify                  Tmut/Erth      3%         N/A       88%         4
 Metabolic Englaciation   Hex/Ice        13%        N/A       52%         5
 Statue Form              Tmut/Erth      2%         N/A       100%        6
 Ozocubu's Refrigeration  Ice            12%        4d10      100%        7


Dungeon Overview and Level Annotations

Branches:
Dungeon (5/15)
 Temple: D:4-7

Altars:
Dithmenos
Elyvilon
Hepliaklqana

Shops:
D:4 =


Innate Abilities, Weirdness & Mutations

((You are very nimble when in or above water. (Stealth+, EV+, Speed+++)))
Your lower body shifts to a powerful aquatic tail in water.


Message History

A killer bee comes into view.
An orc priest comes into view. It is wielding a +0 club.
The killer bee closely misses you.
The helpless water moccasin fails to defend itself.
You impale the water moccasin!! You drain the water moccasin!
You kill the water moccasin!
Dithmenos accepts your kill.
A killer bee comes into view.
The killer bee stings you.
You are poisoned.
The killer bee poisons you! The killer bee barely misses you.
Your Stealth skill increases to level 6!
The killer bee attacks as you move away!
The killer bee stings you!
You feel sick. You block the killer bee's attack.
You feel sick. The killer bee closely misses you.
You feel sick. The killer bee stings you.
You are more poisoned.
The killer bee poisons you!
You feel very sick. The killer bee stings you.
The killer bee closely misses you. You block the killer bee's attack.
The killer bee attacks as you move away!
The killer bee completely misses you.
You feel sick.
The killer bee attacks as you move away!
The killer bee misses you.
You feel sick. You block the killer bee's attack.
You feel sick.
You see here a scorpion corpse.
You feel sick. The killer bee misses you.
You feel sick. You block the killer bee's attack.
The killer bee attacks as you move away!
The killer bee misses you.
You feel sick. The killer bee stings you!
* * * LOW HITPOINT WARNING * * *
You are more poisoned.
The killer bee poisons you!
You feel sick. The killer bee barely misses you.
There is a stone staircase leading up here.
You feel sick.
The killer bee buzzes angrily.
The killer bee stings you!
You die...

#.# #.#+####.. #.#
#........# #.#
#....# ..#
#.####....##.$#
#.#............
#.#...y........
#.)............
######............
#@yy.†.y..........
######............
#............
#............
#......†.....
#............
#............
#............
#............


You could see 3 killer bees.

Vanquished Creatures
  Sigmund (D:2)
  A water moccasin (D:5)
  A black bear (D:5)
  An ogre (D:4)
  4 scorpions
  A hound (D:4)
  An iguana (D:4)
  4 adders
  A worm (D:3)
  5 dart slugs
  4 orcs
  9 endoplasms
  2 giant cockroaches
  4 goblins
  4 hobgoblins
  4 jackals
  A quokka (D:1)
  5 ball pythons
  6 bats
  3 frilled lizards
  5 kobolds
  3 rats
70 creatures vanquished.

Notes
Turn   | Place    | Note
-------+----------+-------------------------------------------
     0 | D:1      | porpoise the Merfolk Enchanter began the quest for the Orb.
     0 | D:1      | Reached XP level 1. HP: 13/13 MP: 3/3
   193 | D:1      | Reached XP level 2. HP: 13/19 MP: 5/5
   245 | D:1      | Found a faded altar of an unknown god.
   971 | D:2      | Learned a level 2 spell: Ensorcelled Hibernation
  1134 | D:2      | Found a hazy altar of Hepliaklqana.
  1154 | D:2      | Reached XP level 3. HP: 22/24 MP: 4/6
  1583 | D:2      | Noticed Sigmund
  1589 | D:2      | Learned a level 3 spell: Confusing Touch
  1609 | D:2      | Killed Sigmund
  1610 | D:2      | Reached skill level 4 in Stealth
  1610 | D:2      | Reached XP level 4. HP: 6/30 MP: 1/8
  1610 | D:2      | Reached XP level 5. HP: 7/35 MP: 1/9
  2313 | D:2      | Learned a level 3 spell: Tukima's Dance
  2620 | D:3      | Reached XP level 6. HP: 41/41 MP: 7/10
  3052 | D:3      | Found a shadowy altar of Dithmenos.
  3055 | D:3      | Became a worshipper of Dithmenos the Shadowed
  3066 | D:3      | Found a white marble altar of Elyvilon.
  3118 | D:3      | You fall into a shaft and drop 1 floor!
  3257 | D:4      | Reached skill level 5 in Stealth
  4013 | D:4      | Found Xeagiown's Jewellery Emporium.
  4210 | D:4      | Reached XP level 7. HP: 18/46 MP: 7/11
  4613 | D:5      | Entered Level 5 of the Dungeon
  4624 | D:5      | Reached skill level 5 in Ice Magic
  4627 | D:5      | Reached * piety under Dithmenos
  4628 | D:5      | Reached skill level 5 in Hexes
  4634 | D:5      | Reached skill level 1 in Fighting
  4817 | D:5      | Reached skill level 6 in Stealth
  4828 | D:5      | Slain by a killer bee

Illustrated notes

Levels and vault maps discovered:
D:1:      zaba_arrival_water, layout_basic,
          dreamdust_ecumenical_altar_angels_and_demons
D:2:      wander_river, layout_basic, basic_altar, nrook_uturn, uniq_sigmund
D:3:      layout_loops_cross, mainiacjoe_overflow_swirl
D:4:      layout_rooms, serial_shops, nicolae_shop_gaudy_bauble,
          kennysheep_small_square
D:5:      old_forge, layout_basic

Skill      XL: |  1  2  3  4  5  6  7 |
---------------+----------------------+-----
Stealth        | 4 5 6 |  6.1
Spellcasting   | 3 |  3.0
Ice Magic      | 3 4 5 |  5.0
Hexes          | 4 5 |  5.6
Fighting       | 1 |  1.9
Short Blades   | |  1.2
Dodging        | |  2.6

Action                     |  1- 3 |  4- 6 |  7- 9 || total
---------------------------+-------+-------+-------++-------
  Melee: Dagger            |    91 |    63 |    15 ||   169
         Short sword       |    36 |    30 |       ||    66
         Punch             |       |     1 |       ||     1
   Cast: Ensorcelled Hiber |     5 |    27 |    15 ||    47
    Use: Potion            |     3 |       |       ||     3
         Scroll            |       |     4 |     1 ||     5
   Stab: Sleeping          |     7 |    22 |     8 ||    37
         Distracted        |     1 |       |       ||     1
 Armour: Robe              |    31 |    11 |     2 ||    44
  Dodge: Dodged            |    64 |    35 |    23 ||   122
  Block: Buckler           |       |       |     4 ||     4

Table legend: (Time is in decaauts)
 A = Elapsed time spent in this place.
 B = Non-inter-level travel time spent in this place.
 C = Inter-level travel time spent in this place.
 D = Time resting spent in this place.
 E = Time spent auto-exploring this place.
 F = Levels seen in this place.
 G = Mean time per level.
                   A        B        C        D        E       F      G
               +--------+--------+--------+--------+--------+-----+--------+
         Total |   4766 |   4576 |    190 |   1188 |   2622 |   5 |  953.2 |
       Dungeon |   4766 |   4576 |    190 |   1188 |   2622 |   5 |  953.2 |
               +--------+--------+--------+--------+--------+-----+--------+

Top non-repeatable levels by time:
     D:2: 1534 daAuts
     D:4: 1225 daAuts
     D:1: 982 daAuts
     D:3: 809 daAuts
     D:5: 214 daAuts
